 Dungeon Crawl Stone Soup version 0.28.0-53-g5a82cb258f (webtiles) character file.

Game seed: 225921499229426979

25254 Peloso the Fencer (level 12, -5/115 HPs)
             Began as a Minotaur Fighter on May 31, 2022.
             Was a High Priest of Okawaru.
             Slain by a 15-headed hydra (10 damage)
             ... on level 11 of the Dungeon.
             The game lasted 00:26:18 (12595 turns).

Peloso the Fencer (Minotaur Fighter)               Turns: 12595, Time: 00:26:19

Health: -5/115     AC: 22    Str: 23    XL:     12   Next: 87%
Magic:  0/13       EV: 12    Int:  5    God:    Okawaru [*****.]
Gold:   1044       SH:  9    Dex: 13    Spells: 11/11 levels left

rFire   + . .      SeeInvis +   a - +7 long sword of Pewnuo Kiys {speed, rC+ rN+ rCorr}
rCold   + + .      Faith    .   c - +1 buckler
rNeg    + . .      Spirit   +   g - +4 chain mail {rPois}
rPois   +          Reflect  .   (helmet restricted)
rElec   +          Harm     .   y - +0 cloak
rCorr   +          Rampage  .   (no gloves)
Will    .....                   H - +1 pair of boots
Stlth   ..........              B - amulet of guardian spirit
HPRegen 0.29/turn               i - +4 ring of slaying
MPRegen 0.13/turn               k - ring of see invisible

@: about to teleport, resistant, heroic
A: horns 2, retaliatory headbutt
a: Renounce Religion, Heroism, Finesse, Duel


You were on level 11 of the Dungeon.
You worshipped Okawaru.
Okawaru was extremely pleased with you.
You visited 2 branches of the dungeon, and saw 12 of its levels.

You collected 1044 gold pieces.

Inventory:

Hand Weapons
 a - the +7 long sword of Pewnuo Kiys (weapon) {speed, rC+ rN+ rCorr}
   (You found it on level 9 of the Dungeon)

   Attacks with this weapon are significantly faster.
   rC:        It protects you from cold.
   rN:        It protects you from negative energy.
   rCorr:     It protects you from acid and corrosion.
 b - a +2 long sword of electrocution
Armour
 c - a +1 buckler (worn)
 g - a +4 chain mail of poison resistance (worn)
 y - a +0 cloak (worn)
 H - a +1 pair of boots (worn)
 P - a +3 plate armour of fire resistance
Jewellery
 i - a +4 ring of slaying (left hand)
 k - a ring of see invisible (right hand)
 m - a +6 ring of intelligence
 z - an amulet of the acrobat
 A - a ring of protection from fire
 B - an amulet of guardian spirit (around neck)
 E - a +6 ring of dexterity
 G - the necklace of Bloodlust {*Rage Will++ Int-3 Slay+6}
   (You found it on level 8 of the Dungeon)

   [amulet of nothing]

   It extends the wearer's berserk rage when killing foes.
   Int:       It affects your intelligence (-3).
   Slay:      It affects your accuracy & damage with ranged weapons and melee
   (+6).
   *Rage:     It berserks you when you make melee attacks (+50% chance).
   Will:      It greatly increases your willpower.
 K - a ring of protection from fire
 L - a ring of flight
 N - a ring of protection from fire
 R - a ring of magical power
Wands
 J - a wand of flame (3)
 Q - a wand of mindburst (8)
Scrolls
 f - a scroll of silence
 l - 2 scrolls of identify
 n - a scroll of holy word
 o - 4 scrolls of immolation
 p - 3 scrolls of enchant armour
 r - 11 scrolls of teleportation
 s - 5 scrolls of noise
 t - 2 scrolls of acquirement
 x - a scroll of magic mapping {unknown}
 C - a scroll of fog {unknown}
 F - a scroll of fear {unknown}
 I - a scroll of enchant weapon {unknown}
 M - 2 scrolls of amnesia {unknown}
Potions
 d - 2 potions of might
 e - 6 potions of curing
 h - 2 potions of berserk rage
 j - 2 potions of mutation
 q - a potion of magic {unknown}
 u - 2 potions of resistance
 v - 5 potions of heal wounds {unknown}
 w - 2 potions of haste {unknown}
 D - a potion of brilliance {unknown}
Miscellaneous
 O - a condenser vane


   Skills:
 + Level 13.1(18.1) Fighting
 + Level 16.1(21.1) Long Blades
 + Level 12.1(17.1) Armour
 + Level 4.5(9.5) Dodging
 + Level 1.8(6.8) Stealth
 + Level 10.2(15.2) Shields
 + Level 2.7 Invocations


You had 11 spell levels left.
You didn't know any spells.
Your spell library contained the following spells:

 Spells                   Type           Power      Damage    Failure   Level
 Apportation              Tloc           0%         N/A       94%         1
 Corpse Rot               Necr/Air       0%         N/A       98%         2
 Confusing Touch          Hex            0%         N/A       100%        3
 Inner Flame              Hex/Fire       0%         N/A       100%        3
 Cause Fear               Hex            0%         N/A       100%        4
 Dispel Undead            Necr           0%         3d6       100%        4
 Yara's Violent Unravell  Hex/Tmut       0%         3d3       100%        5
 Enfeeble                 Hex            0%         N/A       100%        7
 Orb of Destruction       Conj           0%         9d5       100%        7
 Discord                  Hex            0%         N/A       100%        8
 Animate Skeleton         Necr           Unusable   N/A       N/A         1
 Summon Small Mammal      Summ           Unusable   N/A       N/A         1
 Summon Guardian Golem    Hex/Summ       Unusable   N/A       N/A         3
 Death Channel            Necr           Unusable   N/A       N/A         6
 Spellforged Servitor     Conj/Summ      Unusable   N/A       N/A         7

Dungeon Overview and Level Annotations

Branches:
Dungeon (11/15)            Temple (1/1) D:5             Orc (0/2) D:9
   Lair: D:8-11

Altars:
Ashenzari
Cheibriados
Dithmenos
Elyvilon
Fedhas
Gozag
Hepliaklqana
Kikubaaqudgha
Makhleb
Nemelex Xobeh
Okawaru
Qazlal
Ru
Sif Muna
Trog
Uskayaw
Vehumet
Wu Jian
Yredelemnul
Zin
The Shining One

Shops:
D:4 (*

Portals:
Abyss: D:3

Annotations:
D:3 2 transporters, 101zpm's ghost, amateur DjFE


Innate Abilities, Weirdness & Mutations

You have a pair of horns on your head.
You reflexively headbutt those who attack you in melee.


Message History

Unknown command.
You hack one of the 14-headed hydra's heads off!
The 13-headed hydra grows two more!
You slash the 15-headed hydra!
The 15-headed hydra is moderately wounded.
The 15-headed hydra misses you. The 15-headed hydra closely misses you.
You block the 15-headed hydra's attack.
The 15-headed hydra bites you but does no damage.
The 15-headed hydra closely misses you. The 15-headed hydra bites you!
* * * LOW HITPOINT WARNING * * *
You block the 15-headed hydra's attack. The 15-headed hydra bites you.
* * * LOW HITPOINT WARNING * * *
The 15-headed hydra closely misses you.
The 15-headed hydra barely misses you. x2
The 15-headed hydra bites you but does no damage.
The 15-headed hydra closely misses you.
The 15-headed hydra bites you but does no damage. x2
As you read the scroll of teleportation, it crumbles to dust.
You feel strangely unstable. You block the wraith's attack.
The 15-headed hydra closely misses you.
The 15-headed hydra bites you but does no damage.
The 15-headed hydra bites you!
* * * LOW HITPOINT WARNING * * *
The 15-headed hydra bites you but does no damage. x2
You block the 15-headed hydra's attack.
The 15-headed hydra bites you but does no damage. x6
The 15-headed hydra misses you. The 15-headed hydra bites you.
* * * LOW HITPOINT WARNING * * *
The 15-headed hydra bites you.
* * * LOW HITPOINT WARNING * * *
It was a potion of resistance.
You feel protected. The wraith hits you but does no damage.
The 15-headed hydra closely misses you. You block the 15-headed hydra's attack.
The 15-headed hydra bites you!
* * * LOW HITPOINT WARNING * * *
The 15-headed hydra closely misses you.
The 15-headed hydra bites you but does no damage.
The 15-headed hydra bites you.
* * * LOW HITPOINT WARNING * * *
The 15-headed hydra bites you but does no damage. x2
The 15-headed hydra bites you!
You die...

#.............#
#...†.........#
#[..#.#.#.#...#
#^.####)####..#
#...#.#)..#...#
#..##.#≈#.##..#
#...#.#.#.#...#
##.##D#.#.##..#
#..#@W.#.#...#
#.####'####..######
#..#.#.#)#......<...
#........†..#.######
#######.#####.# #.#
#.. #.######.##
#.........## ### #.
#<.####


You could see a 15-headed hydra and a wraith.

Vanquished Creatures
  A hydra (D:9)
  A centaur warrior (D:10)
  A boulder beetle (D:11)
  6 two-headed ogres
  A tengu warrior (D:11)
  2 skeletal warriors
  Pikel (D:6)
  2 deep elf pyromancers
  An orc knight (D:11)
  2 ugly things (D:11)
  3 cyclopes (D:11)
  A manticore (D:10)
  8 centaur zombies
  A gargoyle (D:10)
  3 unseen horrors
  2 trolls (D:11)
  A meliai zombie (D:11)
  A centaur simulacrum (D:11)
  3 vampires (D:11)
  6 wraiths
  2 shadows (D:11)
  A wyvern (D:11)
  8 yaks
  A basilisk (D:11)
  A steam dragon (D:10)
  Menkaure (D:6)
  Edmund (D:6)
  4 wargs (D:9)
  An acid dragon (D:10)
  A water moccasin (D:7)
  An ice beast (D:6)
  2 sky beasts
  6 orc warriors
  2 black bears
  2 ogres
  2 necrophages (D:7)
  A lemure (D:6)
  7 centaurs
  5 kobold brigands
  3 gnoll sergeants
  2 scorpions (D:7)
  8 bullfrogs
  3 water moccasin zombies
  7 killer bees
  9 wights (D:8)
  5 howler monkeys
  A hound (D:6)
  4 jellies
  6 orc priests
  Crazy Yiuf (D:6)
  A gnoll shaman (D:6)
  3 iron imps (D:3)
  A bullfrog skeleton (D:3)
  Jessica (D:2)
  Terence (D:2)
  Natasha (thrice) (D:2)
  2 iguanas
  16 orc wizards
  A killer bee zombie (D:7)
  A hound zombie (D:5)
  A howler monkey zombie (D:7)
  2 howler monkey skeletons
  7 adders
  26 gnolls
  2 shadow imps
  5 worms
  3 dart slugs
  39 orcs
  8 ball pythons
  An endoplasm (D:2)
  2 giant cockroaches
  41 goblins
  26 hobgoblins
  3 jackals (D:5)
  A quokka (D:2)
  4 bats
  4 frilled lizards
  28 kobolds
  12 rats
390 creatures vanquished.

Vanquished Creatures (others)
  A human (D:3)
  4 fungi (D:6)
5 creatures vanquished.

Grand Total: 395 creatures vanquished

Notes
Turn   | Place    | Note
-------+----------+-------------------------------------------
     0 | D:1      | Peloso the Minotaur Fighter began the quest for the Orb.
     0 | D:1      | Reached XP level 1. HP: 19/19 MP: 0/0
   346 | D:1      | Reached XP level 2. HP: 27/27 MP: 1/1
   974 | D:2      | Reached XP level 3. HP: 22/33 MP: 2/2
  1114 | D:2      | Noticed Natasha
  1123 | D:2      | Killed Natasha
  1124 | D:2      | Reached skill level 3 in Long Blades
  1378 | D:2      | Found a faded altar of an unknown god.
  1514 | D:2      | Reached XP level 4. HP: 40/40 MP: 3/3
  1605 | D:2      | Noticed Terence
  1614 | D:2      | Killed Terence
  1615 | D:2      | Reached skill level 1 in Dodging
  1672 | D:2      | Noticed Natasha
  1680 | D:2      | Killed Natasha
  1791 | D:2      | Noticed Natasha
  1797 | D:2      | Killed Natasha
  1798 | D:2      | Reached skill level 4 in Long Blades
  1798 | D:2      | Reached skill level 5 in Armour
  1798 | D:2      | Reached XP level 5. HP: 47/47 MP: 4/4
  1855 | D:2      | Noticed Jessica
  1858 | D:2      | Killed Jessica
  2132 | D:3      | Found an ancient bone altar of Kikubaaqudgha.
  2210 | D:3      | Reached skill level 5 in Long Blades
  2210 | D:3      | Reached XP level 6. HP: 28/53 MP: 5/5
  2364 | D:3      | Found a transporter.
  2406 | D:3      | Found a transporter.
  2410 | D:3      | Noticed a small abomination
  2411 | D:3      | Found a one-way gate to the infinite horrors of the Abyss.
  2411 | D:3      | Noticed 101zpm's ghost (amateur DjFE)
  2593 | D:3      | Noticed a human
  2596 | D:3      | Killed a human
  2603 | D:3      | Found a burning altar of Makhleb.
  2676 | D:4      | You fall into a shaft and drop 1 floor!
  2676 | D:5      | Entered Level 5 of the Dungeon
  2735 | D:5      | Found a staircase to the Ecumenical Temple.
  2753 | Temple   | Entered the Ecumenical Temple
  2885 | Temple   | Became a worshipper of Warmaster Okawaru
  2941 | D:5      | Reached skill level 6 in Long Blades
  3231 | D:5      | Reached skill level 5 in Fighting
  3335 | D:5      | Reached XP level 7. HP: 61/61 MP: 6/6
  3374 | D:5      | Reached skill level 5 in Shields
  3964 | D:5      | Reached skill level 7 in Long Blades
  4288 | D:5      | Reached * piety under Okawaru
  4385 | D:5      | Reached XP level 8. HP: 63/68 MP: 7/7
  4542 | D:6      | Noticed Menkaure
  4549 | D:6      | Killed Menkaure
  4633 | D:6      | Noticed Pikel
  4653 | D:6      | Killed Pikel
  4653 | D:6      | Reached ** piety under Okawaru
  4654 | D:6      | Reached skill level 8 in Long Blades
  4654 | D:6      | Reached skill level 1 in Stealth
  4954 | D:6      | Reached skill level 9 in Long Blades
  5048 | D:6      | Noticed Edmund
  5068 | D:6      | Killed Edmund
  5069 | D:6      | Reached XP level 9. HP: 39/75 MP: 8/8
  5513 | D:6      | Found a snail-covered altar of Cheibriados.
  5513 | D:6      | Found a broken altar of Ashenzari.
  5515 | D:6      | Found a shimmering blue altar of Sif Muna.
  5574 | D:6      | Found a white marble altar of Elyvilon.
  5910 | D:6      | Found a runed translucent door.
  5911 | D:6      | Noticed Crazy Yiuf
  5916 | D:6      | Killed Crazy Yiuf
  5972 | D:7      | Reached skill level 10 in Long Blades
  6127 | D:7      | Reached *** piety under Okawaru
  6257 | D:7      | Reached skill level 11 in Long Blades
  6293 | D:7      | Found a stormy altar of Qazlal.
  6463 | D:7      | Found a glowing golden altar of the Shining One.
  6619 | D:7      | Reached **** piety under Okawaru
  7015 | D:4      | Found Gozag's Platinum Reserve.
  7027 | D:4      | Found Kumolly's Weapon Boutique.
  7027 | D:4      | Found an opulent altar of Gozag.
  7639 | D:4      | Reached XP level 10. HP: 86/86 MP: 9/9
  7858 | D:4      | Identified the +1 scale mail of Precision Catastrophes
                  | {Rampage rCorr Int+2}
  8172 | D:8      | Found the necklace of Bloodlust {*Rage Will++ Int-3 Slay+6}
  8203 | D:8      | Reached skill level 12 in Long Blades
  8660 | D:8      | Noticed a two-headed ogre
  8667 | D:8      | Killed a two-headed ogre
  9175 | D:9      | Identified the +7 long sword of Pewnuo Kiys {speed, rC+ rN+
                  | rCorr}
  9221 | D:9      | Reached ***** piety under Okawaru
  9222 | D:9      | Reached skill level 13 in Long Blades
  9292 | D:9      | Noticed a four-headed hydra
  9317 | D:9      | Killed an 11-headed hydra
  9692 | D:9      | Found a staircase to the Orcish Mines.
  9788 | D:9      | Reached XP level 11. HP: 97/97 MP: 10/10
  9793 | D:9      | Reached skill level 10 in Armour
  9793 | D:9      | Noticed a two-headed ogre
  9801 | D:9      | Killed a two-headed ogre
  9801 | D:9      | Received a gift from Okawaru
  9946 | D:9      | Found a bloodstained altar of Trog.
  9960 | D:9      | Identified the +3 quarterstaff "Myhy" {protect, Fly Int-3
                  | Dex+8 SInv}
 10099 | D:10     | Entered Level 10 of the Dungeon
 10131 | D:10     | Reached skill level 14 in Long Blades
 10483 | D:10     | Noticed a deep elf pyromancer
 10493 | D:10     | Reached skill level 10 in Fighting
 10504 | D:10     | Killed a deep elf pyromancer
 10648 | D:10     | Identified 2 scrolls of acquirement
 10894 | D:10     | Found a glowing silver altar of Zin.
 10952 | D:11     | Noticed a two-headed ogre
 10957 | D:11     | Killed a two-headed ogre
 10958 | D:11     | Reached skill level 1 in Invocations
 11013 | D:11     | Noticed a tengu warrior
 11016 | D:11     | Noticed a skeletal warrior
 11017 | D:11     | Noticed a centaur warrior
 11050 | D:10     | Killed a skeletal warrior
 11227 | D:10     | Killed a centaur warrior
 11228 | D:10     | Reached skill level 15 in Long Blades
 11648 | D:11     | Killed a tengu warrior
 11649 | D:11     | Reached XP level 12. HP: 99/110 MP: 8/12
 11840 | D:11     | Noticed a two-headed ogre
 11848 | D:11     | Killed a two-headed ogre
 12020 | D:11     | Identified the +9 long sword of Peloso's Anguish {freeze,
                  | Fragile Str+4 Int+3}
 12128 | D:11     | Identified the +11 spear of Discomfort {elec, rElec}
 12170 | D:11     | Noticed a two-headed ogre
 12175 | D:11     | Killed a two-headed ogre
 12175 | D:11     | Received a gift from Okawaru
 12318 | D:11     | Noticed a two-headed ogre
 12320 | D:11     | Noticed a boulder beetle
 12321 | D:11     | Noticed a fire dragon
 12329 | D:11     | Killed a two-headed ogre
 12496 | D:11     | Noticed a boulder beetle
 12528 | D:11     | Reached skill level 10 in Shields
 12548 | D:11     | Reached skill level 16 in Long Blades
 12556 | D:11     | Killed a boulder beetle
 12582 | D:11     | Noticed an eight-headed hydra
 12595 | D:11     | HP: 5/115 [15-headed hydra (4)]
 12595 | D:11     | Slain by a 15-headed hydra

Illustrated notes

Levels and vault maps discovered:
D:1:      minmay_arrival_wavy_path, layout_loops_ring
D:2:      layout_basic, ebering_ecumenical_altar_box, uniq_natasha,
          uniq_terence, uniq_jessica
D:3:      layout_rooms, demons_altar, tgw_kikubaaqudgha,
          gammafunk_ghost_abyssal_escape
D:4:      minmay_goblin_kobold_castle, layout_cave_pools,
          nicolae_gozag_zags_fifth_avenue, serial_shops,
          nicolae_shop_bloodbath_and_beyond
D:5:      layout_gridville, minmay_temple_entry_glassed_door,
          minmay_a_box_with_orc_wizards_in_it
D:6:      layout_loops_cross, grunt_temple_overflow_open, grunt_ministairs_10,
          hangedman_abyss_or_decor_jellyfish_corner, skrybe_limestone_x,
          uniq_pikel, uniq_edmund, uniq_menkaure, uniq_crazy_yiuf_cottage
D:7:      wad_river_or_something, layout_cave_pools,
          lemuel_coloured_pillars_altar, grunt_qazlal_sundering
D:8:      layout_rooms, minmay_door_square, grunt_ministairs_7
D:9:      layout_rooms, tgw_trog, minmay_orc_entry_guard_dogs
D:10:     minmay_slanted_spiral_squares, layout_layer_cave, zin_statuary,
          chequers_avenue, grunt_decor_cap, chequers_serial_rivers_small_3,
          nicolae_shop_overcharged_wands
D:11:     minmay_the_grid_square_5x5_5x5 [minmay_the_grid_square_5x5_bite,
          minmay_the_grid_square_5x5_longway,
          minmay_the_grid_square_5x5_shrine2,
          minmay_the_grid_square_5x5_checkered_statues,
          minmay_the_grid_square_5x5_two_walls_b,
          minmay_the_grid_square_5x5_three_walls,
          minmay_the_grid_square_5x5_prize_pseudospiral,
          minmay_the_grid_square_5x5_spiral,
          minmay_the_grid_square_5x5_prize_rear_guard,
          minmay_the_grid_square_5x5_broken_cross,
          minmay_the_grid_square_5x5_gyroscope,
          minmay_the_grid_square_5x5_dogpile,
          minmay_the_grid_square_5x5_prize_deathbox,
          minmay_the_grid_square_5x5_three,
          minmay_the_grid_square_5x5_intrusive_squares,
          minmay_the_grid_square_5x5_c,
          minmay_the_grid_square_5x5_prize_monsterx,
          minmay_the_grid_square_5x5_checkered_sparse,
          minmay_the_grid_square_5x5_prize_waves,
          minmay_the_grid_square_5x5_spiral_small,
          minmay_the_grid_square_5x5_seven, minmay_the_grid_square_5x5_one_wall,
          minmay_the_grid_square_5x5_inner_i,
          minmay_the_grid_square_5x5_misaligned,
          minmay_the_grid_square_5x5_minivault], layout_rooms, lair_entry_dummy,
          special_room [special_room_orc], onia_ninara_cookie
Temple:   minmay_temple_curvy_loop

Skill      XL: |  1  2  3  4  5  6  7  8  9 10 11 12 |
---------------+-------------------------------------+-----
Fighting       | 4 5 6 7 9 11 13 | 13.1
Armour         | 4 5 6 8 9 11 12 | 12.1
Shields        | 4 5 6 7 8 9 10 | 10.2
Long Blades    | 3 4 5 6 7 9 11 13 15 16 | 16.1
Dodging        | 1 3 4 |  4.5
Stealth        | 1 |  1.8
Invocations    | 1 2 |  2.7

Action                   |  1- 3 |  4- 6 |  7- 9 | 10-12 || total
-------------------------+-------+-------+-------+-------++-------
Melee: Long sword        |    61 |    95 |   334 |   522 ||  1012
       Headbutt          |     7 |    20 |    65 |   126 ||   218
Invok: Heroism           |       |       |     3 |    15 ||    18
  Use: Scroll            |     2 |     3 |     4 |     6 ||    15
       Potion            |     1 |       |       |     1 ||     2
Armor: Scale mail        |    25 |     4 |       |       ||    29
       Chain mail        |       |    55 |   159 |   286 ||   500
Dodge: Dodged            |    22 |    36 |   127 |   184 ||   369
Block: Buckler           |    15 |    38 |   135 |   168 ||   356
